 Dungeon Crawl Stone Soup version 0.15.0-18-g9076a4f (webtiles) character file.

48 MDvedh the Caller (level 3, 0/20 HPs)
             Began as a Gargoyle Summoner on Sept 7, 2014.
             Slain by Terence
             ... wielding a +0 flail
              (3 damage)
             ... on Level 2 of the Dungeon.
             The game lasted 00:04:21 (1829 turns).

MDvedh the Caller (Gargoyle Summoner)               Turns: 1829, Time: 00:04:22

HP   0/20        AC 16     Str 12      XL: 3   Next: 72%
MP   6/6         EV -2     Int 18      God:
Gold 64          SH  9     Dex 10      Spells:  1 memorised,  5 levels left

rFire  . . .     SeeInvis .     o - +0 mace (holy)
rCold  . . .     Clarity  .     i - +0 plate armour
rNeg   + . .     rCorr    .     l - +0 large shield
rPois  +         rRot     +     n - +2 helmet {Int+3}
rElec  +         Spirit   .     (no cloak)
SustAb .         Warding  .     (no gloves)
rMut   .         Stasis   .     (no boots)
Gourm  .                        (no amulet)
MR     .....                    (no ring)
                                (no ring)

@: not resistant to hostile enchantments, extremely unstealthy
A: negative energy resistance 1, electricity resistance, unbreathing,
petrification resistance, rot immunity, AC +3
a: no special abilities


You were on level 2 of the Dungeon.
You were not hungry.

You visited 1 branch of the dungeon, and saw 2 of its levels.

You collected 64 gold pieces.

Inventory:

Hand weapons
 e - a +0 club
 o - a +0 mace of holy wrath (weapon)
Armour
 a - a +0 robe
 i - a +0 plate armour (worn)
 l - a +0 large shield (worn)
 n - a +2 helmet of intelligence (worn)
Comestibles
 f - 4 fruits
Scrolls
 d - 2 scrolls of magic mapping {unknown}
 g - a scroll of noise {unknown}
 h - a scroll of enchant weapon {unknown}
 k - a scroll of identify {unknown}
Potions
 c - 2 potions of confusion {unknown}
 j - a potion of degeneration {unknown}
 m - a potion of curing {unknown}
Books
 b - a book of Callings

   Spells                             Type                      Level
   *Summon Small Mammal               Summoning                    1
   Call Imp                           Summoning                    2
   Call Canine Familiar               Summoning                    3
   Summon Guardian Golem              Hexes/Summoning              4
   Summon Lightning Spire             Summoning/Air                4
   Summon Ice Beast                   Ice/Summoning                4


   Skills:
 - Level 0.4 Fighting
 + Level 3.1 Maces & Flails
 - Level 1.5 Dodging
 - Level 2.1 Stealth
 - Level 2.0 Spellcasting
 - Level 3.6 Summonings


You had 5 spell levels left.
You knew the following spells:

 Your Spells              Type           Power        Failure   Level  Hunger
a - Summon Small Mammal   Summ           ##..         100%        1    #......


Dungeon Overview and Level Annotations

Branches:
Dungeon (2/15)

Altars:

Annotations:
D:2 Terence


Innate Abilities, Weirdness & Mutations

You are resistant to torment.
You are immune to poison.
Your stone body is very resilient (AC +3).
You resist negative energy.
You are resistant to electric shocks.
You can survive without breathing.
You are immune to petrification.
You are immune to rotting.


Message History

Terence is almost dead.
You block the rat's attack. Terence hits you but does no damage.
Unknown command.
You hit the rat.
The rat is heavily wounded.
The rat bites you but does no damage. You block Terence's attack.
The rat bites you but does no damage.
Unknown command.
Your shield and plate armour prevent you from hitting the rat.
The rat is heavily wounded.
You block Terence's attack. The rat bites you but does no damage.
Unknown command.
Your shield and plate armour prevent you from hitting the rat.
The rat is heavily wounded.
Terence hits you but does no damage. You block the rat's attack.
Unknown command.
You completely miss the rat.
The rat is heavily wounded.
Terence hits you with a flail.
You die...

. ..##########
............## ##
........@....## ##.##
........r@....# #...#
..............###...#
....................#
.............(###...#
.............# #...#
............####...#
...........####...##
..###########..######


You could see Terence and a rat.

Vanquished Creatures
  2 adders (D:2)
  An inept item mimic (D:2)
  A giant gecko (D:1)
  3 bats
  6 hobgoblins
  3 jackals (D:1)
  A giant cockroach (D:1)
  2 giant newts (D:1)
  4 kobolds (D:1)
  A rat (D:1)
24 creatures vanquished.

Vanquished Creatures (collateral kills)
  A hobgoblin (D:1)
  A giant newt (D:1)
2 creatures vanquished.

Vanquished Creatures (others)
  A bat (D:1)
1 creature vanquished.

Grand Total: 27 creatures vanquished

Notes
Turn   | Place    | Note
--------------------------------------------------------------
     0 | D:1      | MDvedh, the Gargoyle Summoner, began the quest for the Orb.
     0 | D:1      | Reached XP level 1. HP: 10/10 MP: 3/3
   452 | D:1      | Reached skill level 1 in Maces & Flails
   669 | D:1      | Reached XP level 2. HP: 16/16 MP: 4/4
  1293 | D:2      | Reached XP level 3. HP: 3/20 MP: 6/6
  1792 | D:2      | Noticed Terence
  1829 | D:2      | Slain by Terence

Action                   || total
-------------------------++-------
Melee: Club              ||   221
       Unarmed           ||    14
       Mace              ||    28
 Cast: Summon Small Mamm ||     4
  Eat: Chunk             ||     1
       Bread ration      ||     1
